 Dungeon Crawl Stone Soup version 0.29-a0-887-gcbe080d7e0 (webtiles) character file.

Game seed: 15953813801155715826

62 xian the Conjurer (level 4, 0/27 HPs)
             Began as an Octopode Conjurer on July 21, 2022.
             Slain by a goblin
             ... wielding a +0 dagger
             ... led by Robin
              (1 damage)
             ... on level 2 of the Dungeon.
             The game lasted 00:02:38 (1880 turns).

xian the Conjurer (Octopode Conjurer)               Turns: 1880, Time: 00:02:40

Health: 0/27       AC:  1    Str:  6    XL:     4   Next: 8%
Magic:  1/7        EV: 13    Int: 22    God:
Gold:   58         SH:  0    Dex: 10    Spells: 7/8 levels left

rFire   + . .      SeeInvis .   b - +0 mace
rCold   x . .      Faith    .   (no shield)
rNeg    . . .      Spirit   .   (helmet restricted)
rPois   .          Reflect  .   (no amulet)
rElec   .          Harm     .   d - ring of fire
rCorr   .          Rampage  .   (no ring)
Will    .....                   (no ring)
Stlth   +++.......              (no ring)
HPRegen 0.09/turn               (no ring)
MPRegen 0.10/turn               (no ring)
                                (no ring)
                                (no ring)

@: no status effects
A: almost no armour, amphibious, 8 rings, camouflage 1, gelatinous body 1,
(nimble swimmer 1), tentacles
a: no special abilities


You were on level 2 of the Dungeon.
You visited 1 branch of the dungeon, and saw 2 of its levels.

You collected 58 gold pieces.

Inventory:

Hand Weapons
 b - a +0 mace (weapon)
Jewellery
 d - a ring of fire (left tentacle)
Scrolls
 c - 2 scrolls of amnesia {unknown}
 g - a scroll of fog {unknown}
Potions
 a - a potion of magic
 e - a potion of heal wounds {unknown}
 f - a potion of curing {unknown}
 h - a potion of cancellation {unknown}
 i - a potion of degeneration {unknown}
 j - a potion of experience {unknown}


   Skills:
 + Level 0.1 Maces & Flails
 + Level 2.1 Dodging
 + Level 3.1 Stealth
 + Level 2.5 Spellcasting
 + Level 5.0 Conjurations


You had 7 spell levels left.
You knew the following spells:

 Your Spells              Type           Power      Damage    Failure   Level
a - Magic Dart            Conj           96%        1d7       1%          1

Your spell library contained the following spells:

 Spells                   Type           Power      Damage    Failure   Level
 Searing Ray              Conj           48%        2d6       2%          2
 Dazzling Flash           Conj/Hex       26%        N/A       14%         3
 Fulminant Prism          Conj/Hex       6%         3d7       43%         4
 Iskenderun's Mystic Bla  Conj/Tloc      13%        2d5       43%         4


Dungeon Overview and Level Annotations

Branches:
Dungeon (2/15)

Altars:

Shops:
D:1 [


Innate Abilities, Weirdness & Mutations

You cannot wear most types of armour.
You are amphibious.
You can wear up to eight rings at the same time.
Your skin changes colour to match your surroundings (Stealth+).
Your rubbery body absorbs attacks. (AC +1, EV +1)
((You are camouflaged when in or above water. (Stealth+)))
You have tentacles for arms and can constrict up to eight enemies at once.


Message History

You completely miss the goblin. You grab the goblin.
You squeeze the goblin, but do no damage.
You constrict the goblin. The goblin hits you but does no damage.
The goblin hits you with a +0 dagger.
You hit the goblin.
You squeeze the goblin, but do no damage.
The goblin is severely wounded.
You constrict the goblin.
You kill the goblin!
The goblin attacks as you move away! The goblin hits you with a +0 dagger.
The goblin attacks as you move away! The goblin barely misses you.
You are too injured to fight recklessly!
You are too injured to fight recklessly!
You are too injured to fight recklessly!
You are too injured to fight recklessly!
You thump the goblin!
You kill the goblin!
You barely miss the goblin. Your grab misses the goblin.
Your squeeze misses the goblin.
The goblin unwields a +0 sling.
The goblin wields a +0 club.
The goblin hits you with a +0 club.
* * * LOW HITPOINT WARNING * * *
The goblin hits you with a +0 club.
* * * LOW HITPOINT WARNING * * *
You closely miss the goblin. You grab the goblin. You squeeze the goblin.
You kill the goblin!
You hit the goblin. Your grab misses the goblin.
Your squeeze misses the goblin.
The goblin is severely wounded.
The goblin hits you with a +0 dagger.
* * * LOW HITPOINT WARNING * * *
The goblin misses you.
Unknown command.
Okay, then.
Aiming: Magic Dart (safe; 1% risk of failure)
Press: ? - help, Q - select action Shift-Dir - straight line, f - goblin
Aim: a goblin, wielding a +0 dagger (severely wounded, 100% to hit)
The magic dart hits the goblin.
The goblin is almost dead.
The goblin hits you with a +0 dagger.
You die...

........#
#............##.#
)......
#............##.#
.......
#............##.#
.......
#............##.#
.......
#............##.#
...>.##
#.#.##..........####
####.##
#.#.##.............#
####..>
#.#.##############.##
....##.
..#...@gg)...#.#....#
....... #
########.#.#.#.#..#
.....##
#..............#
..†..#
#.###.....#....#
.....# #)....#....#
.....# ###gg...#....#
.....# #..[..g.#...>#
.....#
#.#..g....#....#
.....#
#.........#....#


You could see a hobgoblin and a goblin.

Vanquished Creatures
  A gnoll (D:1)
  A worm (D:2)
  2 dart slugs
  2 bats (D:2)
  3 endoplasms (D:1)
  2 giant cockroaches (D:2)
  7 goblins
  2 hobgoblins (D:1)
  4 jackals (D:2)
  3 quokkas
  3 ball pythons (D:1)
  2 frilled lizards (D:1)
  3 kobolds
  6 rats
41 creatures vanquished.

Vanquished Creatures (others)
  A fungus (D:2)
1 creature vanquished.

Grand Total: 42 creatures vanquished

Notes
Turn   | Place    | Note
-------+----------+-------------------------------------------
     0 | D:1      | xian the Octopode Conjurer began the quest for the Orb.
     0 | D:1      | Reached XP level 1. HP: 11/11 MP: 3/3
   233 | D:1      | Reached XP level 2. HP: 17/17 MP: 0/5
   338 | D:1      | Found a faded altar of an unknown god.
   623 | D:1      | Reached XP level 3. HP: 21/21 MP: 4/6
  1049 | D:1      | Found Vofuat's Antique Armour Boutique.
  1856 | D:2      | Reached skill level 5 in Conjurations
  1867 | D:2      | Reached XP level 4. HP: 19/27 MP: 0/7
  1879 | D:2      | HP: 1/27 [goblin/+0 dagger[Robin] (3)]
  1880 | D:2      | Slain by a goblin

Illustrated notes

Levels and vault maps discovered:
D:1:      dpeg_arrival_shrine, layout_basic, serial_shops, shop,
          shapermc_ecumenical_altar_starsandcircs
D:2:      layout_basic, uniq_crazy_yiuf_cottage, uniq_robin

Skill      XL: |  1  2  3 |
---------------+----------+-----
Stealth        | 3 |  3.1
Conjurations   | 5 |  5.0
Maces & Flails | |  0.1
Dodging        | |  2.1
Spellcasting   | |  2.5

Action                   |  1- 3 |  4- 6 || total
-------------------------+-------+-------++-------
Melee: Mace              |    13 |     7 ||    20
       Tentacles         |     5 |     3 ||     8
       Constrict         |     5 |     2 ||     7
 Cast: Magic Dart        |    67 |     1 ||    68
Armor: Skin              |     1 |     2 ||     3
Dodge: Dodged            |    18 |     2 ||    20

Table legend: (Time is in decaauts)
 A = Elapsed time spent in this place.
 B = Non-inter-level travel time spent in this place.
 C = Inter-level travel time spent in this place.
 D = Time resting spent in this place.
 E = Time spent auto-exploring this place.
 F = Levels seen in this place.
 G = Mean time per level.
                   A        B        C        D        E       F      G
               +--------+--------+--------+--------+--------+-----+--------+
         Total |   1886 |   1879 |      7 |      0 |   1652 |   2 |  943.0 |
       Dungeon |   1886 |   1879 |      7 |      0 |   1652 |   2 |  943.0 |
               +--------+--------+--------+--------+--------+-----+--------+

Top non-repeatable levels by time:
     D:1: 1367 daAuts
     D:2: 519 daAuts
